AoeStats
← Joaquito

Arena

507072228Analyzed
4v4 RM · 16d ago on Sep 16, 2026· 41m 27s· 8 players
Game mode
Random Map
Map size
Large (8 player)
Population
200
Speed
Normal
Resources
Standard
Victory
Conquest
Starting age
Dark Age
Ending age
Imperial Age
RankedLock teamsTeams togetherTeam positionsShared explorationLock speedFull tech treeHidden civsTurbo modeCheats
Victory
Defeat
🇨🇱 Shu · Chile
1107
+17
🇨🇱 Cumans · Chile
1081
+18
🇨🇱 Burgundians · Chile
1025
+21
🇨🇱 Franks · Chile
1001
+22
🇭🇰 Franks · Hong Kong SAR China
1146
-20
🇺🇸 Spanish · United States
1135
-20
🇩🇪 Shu · Germany
1116
-19
🇨🇳 Jurchens · China
1112
-19
Baylon
1:45 Loom
9:56 Feudal Age
14:27 Castle Age
13:17 Stone Mining
13:49 Double-Bit Axe
24:51 Gold Mining
27:12 Padded Archer Armor
30:54 Leather Archer Armor
32:32 Fletching
佛山大维哥
0:27 Loom
12:07 Feudal Age
14:10 Horse Collar
16:54 Castle Age
15:36 Double-Bit Axe
AM830 MK
11:12 Feudal Age
15:32 Castle Age
13:51 Double-Bit Axe
17:11 Bow Saw
20:58 Husbandry
22:54 Light Cavalry
30:06 Wheelbarrow
30:39 Gold Mining
31:39 Hand Cart
34:01 Forging
33:57 Scale Barding Armor
36:25 Imperial Age
33:41 Town Watch
35:58 Chain Barding Armor
36:14 Iron Casting
36:42 Cavalier
38:23 Paladin
K_o_n_d_o_m
2:23 Loom
13:53 Feudal Age
15:34 Horse Collar
15:44 Double-Bit Axe
19:16 Castle Age
17:36 Fletching
18:44 Padded Archer Armor
20:39 Thumb Ring
20:33 Bodkin Arrow
24:31 Heavy Plow
24:15 Crossbowman
26:31 Bow Saw
27:11 Gold Mining
28:41 Wheelbarrow
29:24 Leather Archer Armor
29:37 Hand Cart
34:31 Imperial Age
33:51 Ballistics
33:42 Fortified Wall
34:22 Murder Holes
35:16 Bolt Magazine
35:40 Conscription
34:43 Arbalester
36:32 Chemistry
36:38 Two-Man Saw
36:21 Light Cavalry
37:44 Husbandry
39:09 Scale Barding Armor
39:05 Bracer
38:40 Pikeman
39:20 Squires
40:30 Forging
Drookns
9:21 Loom
11:08 Feudal Age
14:48 Castle Age
12:39 Double-Bit Axe
12:45 Horse Collar
13:36 Gold Mining
13:41 Stone Mining
14:22 Bow Saw
16:00 Heavy Plow
16:40 Gold Shaft Mining
17:13 Loom
21:35 Wheelbarrow
22:08 Cavalier
23:41 Scale Barding Armor
24:18 Husbandry
27:53 Chain Barding Armor
28:47 Forging
30:35 Iron Casting
32:53 Hand Cart
38:11 Imperial Age
37:46 Crop Rotation
38:58 Paladin
40:18 Plate Barding Armor
40:43 Blast Furnace
Marsix
10:22 Feudal Age
14:39 Castle Age
13:18 Double-Bit Axe
15:42 Loom
16:09 Gold Mining
21:06 Elite Skirmisher
23:15 Padded Archer Armor
24:19 Leather Archer Armor
23:56 Fletching
25:34 Bodkin Arrow
27:49 Ballistics
27:51 Bow Saw
30:51 Wheelbarrow
31:45 #83
31:52 Murder Holes
37:28 Imperial Age
35:54 Scale Barding Armor
36:00 Forging
36:03 Husbandry
37:23 Chain Barding Armor
38:36 Iron Casting
38:30 Hand Cart
39:34 Cavalier
41:04 Conscription
40:17 Elite Throwing Axeman
cacadecaca38
10:54 Feudal Age
12:15 Man-at-Arms
15:35 Gold Mining
21:04 Double-Bit Axe
22:13 Forging
22:03 Scale Mail Armor
28:49 Castle Age
28:57 Pikeman
30:16 Iron Casting
30:10 Arson
30:07 Capped Ram
33:24 Wheelbarrow
35:21 Chain Mail Armor
35:28 Horse Collar
40:10 Long Swordsman
41:20 Squires
Joaquito
10:33 Feudal Age
15:31 Castle Age
13:55 Double-Bit Axe
14:13 Gold Mining
16:38 Crossbowman
20:38 Fletching
22:49 Thumb Ring
24:08 Padded Archer Armor
27:31 Gold Shaft Mining
26:48 Stone Mining
27:21 Bodkin Arrow
27:36 Horse Collar
29:09 Loom
31:26 Wheelbarrow
31:40 Ballistics
33:05 Hand Cart
33:07 Coiled Serpent Array
36:01 Leather Archer Armor
36:20 Scale Mail Armor
36:31 Forging
42:33 Imperial Age
Connection lost

Rejoining the realm…

Still unreachable

The connection could not be restored.

Session expired

The server has moved on; the page needs a fresh start.